 Dungeon Crawl Stone Soup version 0.28-a0-1235-g7c8fac35f0 (webtiles) character file.

Game seed: 13066390626118439306

2155 spiderkeys the Cutter (level 9, 0/48 HPs)
             Began as a Vine Stalker Abyssal Knight on Dec 25, 2021.
             Was a Priest of Lugonu.
             Slain by an unseen horror (5 damage)
             ... on level 7 of the Dungeon.
             The game lasted 00:11:27 (4761 turns).

spiderkeys the Cutter (Vine Stalker Abyssal Knight) Turns: 4761, Time: 00:11:27

Health: 0/48       AC:  9    Str: 26    XL:     9   Next: 31%
Magic:  0/13       EV:  8    Int: 10    God:    Lugonu [***...]
Gold:   273        SH:  0    Dex: 15    Spells: 8/8 levels left

rFire   . . .      SeeInvis .   r - +1 dagger (elec)
rCold   . . .      Faith    .   (no shield)
rNeg    . . .      Spirit   +   g - +0 chain mail
rPois   +          Reflect  .   (no helmet)
rElec   .          Harm     .   (no cloak)
rCorr   .          Rampage  .   (no gloves)
Will    .....                   (no boots)
Stlth   ..........              A - amulet of the acrobat
HPRegen 0.96/turn               S - +6 ring of strength
MPRegen 0.13/turn               P - ring of poison resistance

@: weak-willed
A: fangs 3, regeneration 1, magic shield, antimagic bite, no potion heal 2
a: Renounce Religion, Depart the Abyss, Bend Space, Banish


You were on level 7 of the Dungeon.
You worshipped Lugonu.
Lugonu was most pleased with you.
You visited 1 branch of the dungeon, and saw 7 of its levels.
You visited the Abyss 1 time.

You collected 273 gold pieces.


Innate Abilities, Weirdness & Mutations

You have razor-sharp teeth.
Your natural rate of healing is unusually fast.
When hurt, damage is shared between your health and your magic reserves.
Your bite disrupts and absorbs the magic of your enemies.
Potions cannot restore your health.


   Skills:
 + Level 6.1 Fighting
 + Level 6.5 Short Blades
 + Level 5.2 Armour
 - Level 0.7 Dodging
 + Level 5.2 Invocations


You had 8 spell levels left.
You didn't know any spells.
Your spell library contained the following spells:

 Spells                   Type           Power      Damage    Failure   Level
 Ensorcelled Hibernation  Hex/Ice        0%         N/A       98%         2
 Spider Form              Tmut/Pois      0%         N/A       100%        3

Inventory:

Hand Weapons
 o - a +0 rapier
   (You found it on level 2 of the Dungeon)
 r - a +1 dagger of electrocution (weapon)
   (You took it off an orc wizard on level 3 of the Dungeon)
 u - the +3 shortbow "Daaber" {flame, MP+9}
   (You found it on level 6 of the Dungeon)

   Any ammunition fired from it burns those it strikes, dealing additional fire
   damage.
   MP:        It affects your magic capacity (+9).
Missiles
 a - 48 sling bullets
 e - 25 poisoned darts
 f - 150 stones
 h - 37 arrows
 i - 23 bolts
 l - 4 silver javelins
 x - 7 boomerangs
Armour
 g - a +0 chain mail (worn)
   (You found it on level 3 of the Dungeon)
 v - a +0 pair of gloves
   (You found it on level 6 of the Dungeon)
 z - a +0 pair of boots
   (You found it on level 6 of the Dungeon)
Jewellery
 p - an amulet of magic regeneration
   (You found it on level 2 of the Dungeon)
 A - an amulet of the acrobat (around neck)
   (You found it on level 1 of the Dungeon)
 I - a +6 ring of intelligence
   (You found it on level 2 of the Dungeon)
 L - a ring of flight
   (You found it on level 4 of the Dungeon)
 P - a ring of poison resistance (right hand)
   (You found it on level 4 of the Dungeon)
 S - a +6 ring of strength (left hand)
   (You found it on level 1 of the Dungeon)
 Z - a ring of wizardry
   (You took it off an orc on level 3 of the Dungeon)
Wands
 b - a wand of paralysis (7)
   (You found it on level 4 of the Dungeon)
 n - a wand of mindburst (7)
   (You found it on level 2 of the Dungeon)
 w - a wand of iceblast (11)
   (You found it on level 6 of the Dungeon)
Scrolls
 k - 3 scrolls of identify {@r1}
 t - 2 scrolls of magic mapping {!r}
 y - a scroll of brand weapon
Potions
 c - 2 potions of heal wounds {@q2}
 d - 3 potions of invisibility {unknown}
 j - a potion of flight
 m - 3 potions of curing {@q1}
 q - 3 potions of brilliance

Dungeon Overview and Level Annotations

Branches:
Dungeon (7/15)             Temple (0/1) D:7

Altars:

#.#....##
#.....##.#
#...#'##
###.#.##.#
##..#.#
#.#.##.#
#.##.#
#.#.##.#
#.##.##
#......#
#.#.ยง.##
###.# #......#
##### .#
+.#...##......
.#
#.....@......#
#.##.###.###.#
#.##.....#
#.##.#####
#.##.#######.
.. #.....)...
.# #.########
.# #.# ##.#
#.#


There were no monsters in sight!


Message History

You lost 1 mp, and now have 7/13 mp.
Something hits you.
* * * LOW HITPOINT WARNING * * *
๐Ÿ˜ฑ HP[-3] MP[-1]
You take 3 damage, and now have 9/48 hp.
You lost 1 mp, and now have 6/13 mp.
Something hits you but does no damage. Something hits you!
* * * LOW HITPOINT WARNING * * *
๐Ÿ˜ฑ HP[-5] MP[-3]
You take 5 damage, and now have 4/48 hp.
You lost 3 mp, and now have 3/13 mp.
Okay, then.
Space bends sharply around you!
You blink.
Something hits you but does no damage. ๐Ÿ˜ฑ HP[-1]
You take 1 damage, and now have 3/48 hp.
Unknown command.
As you read the scroll of fear, it crumbles to dust.
You assume a fearsome visage.
The bullfrog looks frightened! x2 ๐Ÿ˜ฑ HP[+1] ๐Ÿ˜ฑ HP[+1]
You see here 25 arrows. ๐Ÿ˜ฑ HP[+1] ๐Ÿ˜ฑ HP[+1] ๐Ÿ˜ฑ HP[+1] ๐Ÿ˜ฑ HP[+1] ๐Ÿ˜ฑ HP[+1] ๐Ÿ˜ฑ HP[+1] MP[+1] ๐Ÿ˜ฑ HP[+1] ๐Ÿ˜จ HP[+1] ๐Ÿ˜จ HP[+1] ๐Ÿ˜จ HP[+1] ๐Ÿ˜จ HP[+1] ๐Ÿ˜จ HP[+1] ๐Ÿ˜จ HP[+1] ๐Ÿ˜จ HP[+1] MP[+1] ๐Ÿ˜จ HP[+1]
Something barely misses you. ๐Ÿ˜จ HP[+1]
Something hits you.
* * * LOW HITPOINT WARNING * * *
๐Ÿ˜จ HP[-2] MP[-1]
You take 2 damage, and now have 19/48 hp.
You lost 1 mp, and now have 4/13 mp.
Something hits you but does no damage. ๐Ÿ˜จ HP[+1]
Something completely misses you. Something hits you.
* * * LOW HITPOINT WARNING * * *
๐Ÿ˜จ HP[-2] MP[-1]
You take 2 damage, and now have 18/48 hp.
You lost 1 mp, and now have 3/13 mp.
Something hits you.
* * * LOW HITPOINT WARNING * * *
๐Ÿ˜จ HP[-1]
You take 1 damage, and now have 17/48 hp.
As you read the scroll of identify {@r1}, it crumbles to dust.
t - 2 scrolls of magic mapping Something hits you.
* * * LOW HITPOINT WARNING * * *
๐Ÿ˜จ HP[-3]
You take 3 damage, and now have 14/48 hp.
As you read the scroll of identify {@r1}, it crumbles to dust.
y - a scroll of brand weapon Something hits you.
* * * LOW HITPOINT WARNING * * *
Something hits you!
* * * LOW HITPOINT WARNING * * *
๐Ÿ˜ฑ HP[-8] MP[-2]
You take 8 damage, and now have 6/48 hp.
You lost 2 mp, and now have 1/13 mp.
As you read the scroll labelled YGOICW UNUCUBLOR, it crumbles to dust.
The creatures around you are filled with an inner flame!
It was a scroll of immolation.
Something hits you but does no damage. x2 ๐Ÿ˜ฑ HP[+1]
As you read the scroll labelled RITEAC RIT UMOSK, it crumbles to dust.
Magic quickly surges around you.
It was a scroll of vulnerability.
Something completely misses you. ๐Ÿ˜ฑ HP[+1] Space bends around you!
You blink. ๐Ÿ˜ฑ HP[-1] MP[-1]
You take 1 damage, and now have 7/48 hp.
You lost 1 mp, and now have 0/13 mp. ๐Ÿ˜ฑ HP[+1]
Something hits you but does no damage. ๐Ÿ˜ฑ HP[+1]
Something hits you but does no damage. ๐Ÿ˜ฑ HP[+1]
Okay, then.
You completely miss something. You bite something. Something hits you.
* * * LOW HITPOINT WARNING * * *
๐Ÿ˜ฑ HP[-5]
You take 5 damage, and now have 5/48 hp.
Something misses you. ๐Ÿ˜ฑ HP[+1] MP[+1] Space bends around you!
You blink.
Something hits you.
You die...

Skill      XL: |  1  2  3  4  5  6  7  8  9 |
---------------+----------------------------+-----
Fighting       | 4 5 6 |  6.1
Short Blades   | 4 5 6 |  6.5
Armour         | 3 4 5 |  5.2
Invocations    | 2 3 4 5 |  5.2
Dodging        | |  0.7

Action                   |  1- 3 |  4- 6 |  7- 9 || total
-------------------------+-------+-------+-------++-------
Melee: Short sword       |       |    59 |    60 ||   119
       Bite              |       |    25 |   124 ||   149
       Dagger            |       |       |   278 ||   278
Invok: Depart the Abyss  |       |     1 |       ||     1
       Bend Space        |       |       |     3 ||     3
Evoke: Wand              |     4 |       |     5 ||     9
  Use: Potion            |       |       |     5 ||     5
       Scroll            |       |       |    11 ||    11
 Stab: Sleeping          |       |     3 |       ||     3
Armor: Leather armour    |       |    12 |     7 ||    19
       Skin              |       |       |     8 ||     8
       Chain mail        |       |       |    76 ||    76
       Scale mail        |       |       |     4 ||     4
Dodge: Dodged            |     1 |    29 |   120 ||   150

Levels and vault maps discovered:
D:1:      nicolae_arrival_memento_mori, layout_loops_ring,
          shapermc_ecumenical_altar_mp_ritualfount, serial_bayou_crossing
D:2:      layout_rooms, serial_co_window_serial, co_window_corner_a,
          co_window_paths_a, co_window_cross_1, co_window_paths_a,
          co_window_paths_a, co_window_corner_a, co_window_paths_b,
          co_window_cross_4, co_window_cross_2, co_window_paths_c,
          co_window_4corner_a
D:3:      layout_basic, uniq_grinder
D:4:      minmay_angry_zag, layout_loops_ring, minmay_mini_jars, uniq_sigmund
D:5:      layout_basic, uniq_menkaure
D:6:      layout_rooms, serial_bayou, serial_bayou_shore_b, serial_bayou_ford_a,
          serial_bayou_pond_a, serial_bayou_pond_a
D:7:      minmay_the_grid_plus_closed [minmay_the_grid_box_x,
          minmay_the_grid_dragon_b, minmay_the_grid_broken_lines,
          minmay_the_grid_stretched_grid, minmay_the_grid_prize_inner_circle],
          layout_loops_corners

Notes
Turn   | Place    | Note
-------+----------+-------------------------------------------
     0 | Abyss:1  | spiderkeys the Vine Stalker Abyssal Knight began the quest
                  | for the Orb.
     0 | Abyss:1  | Reached XP level 1. HP: 11/11 MP: 3/3
     0 | Abyss:1  | magus.rc [v1.9.10]
   101 | Abyss:3  | Noticed a rakshasa
   117 | Abyss:3  | Noticed an orc sorcerer
   122 | Abyss:3  | Noticed a wretched star
   126 | Abyss:3  | Killed an orc sorcerer
   127 | Abyss:3  | Reached skill level 4 in Fighting
   127 | Abyss:3  | Reached skill level 4 in Short Blades
   127 | Abyss:3  | Reached skill level 3 in Armour
   127 | Abyss:3  | Reached XP level 2. HP: 17/17 MP: 4/4
   127 | Abyss:3  | Reached XP level 3. HP: 21/21 MP: 5/5
   127 | Abyss:3  | Gained mutation: Your natural rate of healing is unusually
                  | fast. [Vine Stalker growth]
   127 | Abyss:3  | Reached XP level 4. HP: 25/25 MP: 6/6
   127 | Abyss:3  | Reached XP level 5. HP: 29/29 MP: 7/7
   127 | Abyss:3  | Reached XP level 6. HP: 33/33 MP: 8/8
   127 | D:1      | You pass through the gate.
   127 | D:1      | Escaped the Abyss
   376 | D:1      | Found a faded altar of an unknown god.
   600 | D:1      | Reached * piety under Lugonu
   868 | D:2      | Reached skill level 2 in Invocations
   936 | D:2      | Reached XP level 7. HP: 37/37 MP: 9/9
  1758 | D:3      | Reached ** piety under Lugonu
  1850 | D:3      | Noticed Grinder
  1850 | D:3      | Paralysed by Grinder for 7 turns
  1867 | D:3      | Paralysed by Grinder for 3 turns
  1888 | D:3      | HP: 14/57 [Grinder (4)]
  1901 | D:3      | Killed Grinder
  1902 | D:3      | Reached skill level 5 in Short Blades
  1902 | D:3      | Reached skill level 3 in Invocations
  2041 | D:3      | Gained mutation: You have razor-sharp teeth. [Vine Stalker
                  | growth]
  2041 | D:3      | Reached XP level 8. HP: 42/42 MP: 11/11
  2546 | D:4      | Reached skill level 4 in Armour
  2563 | D:4      | Noticed Sigmund
  2569 | D:4      | Killed Sigmund
  2570 | D:4      | Reached skill level 5 in Fighting
  2983 | D:4      | Reached *** piety under Lugonu
  3202 | D:5      | Entered Level 5 of the Dungeon
  3260 | D:5      | Reached skill level 4 in Invocations
  3349 | D:5      | Noticed Menkaure
  3355 | D:5      | Killed Menkaure
  3630 | D:5      | Reached skill level 6 in Short Blades
  3925 | D:6      | Identified the +3 shortbow "Daaber" {flame, MP+9}
  4010 | D:6      | Reached XP level 9. HP: 48/48 MP: 13/13
  4028 | D:6      | You pick up a book of Dreams and begin reading...
  4028 | D:6      | You add the spells Ensorcelled Hibernation and Spider Form
                  | to your library.
  4058 | D:6      | Reached skill level 5 in Armour
  4495 | D:7      | Found a staircase to the Ecumenical Temple.
  4696 | D:7      | Reached skill level 5 in Invocations
  4720 | D:7      | Reached skill level 6 in Fighting
  4725 | D:7      | HP: 12/48 [something (3)]
  4727 | D:7      | HP: 4/48 [something (6)]
  4752 | D:7      | HP: 11/48 [something (4)]
  4759 | D:7      | HP: 5/48 [something (6)]
  4761 | D:7      | Slain by an unseen horror

Vanquished Creatures
  An orc sorcerer (Abyss:3)
  Grinder (D:3)
  Sigmund (D:4)
  Menkaure (D:5)
  An orc warrior (D:7)
  An ice beast (D:6)
  A centaur (D:7)
  2 electric eels (D:6)
  4 howler monkeys
  A centaur zombie (D:6)
  7 hounds
  An orc priest (D:3)
  A bullfrog skeleton (D:6)
  2 centaur skeletons
  2 iguanas
  3 orc wizards
  A scorpion zombie (D:5)
  A hound zombie (D:5)
  A hound skeleton (D:4)
  A howler monkey zombie (D:6)
  3 gnolls (D:2)
  8 adders
  An ufetubus (D:4)
  An adder zombie (D:5)
  An adder skeleton (D:4)
  4 worms
  2 dart slugs
  15 orcs
  5 bats
  14 endoplasms
  6 giant cockroaches
  6 goblins
  8 hobgoblins
  A jackal (D:4)
  4 quokkas
  8 ball pythons
  5 frilled lizards
  6 kobolds
  2 rats (D:1)
134 creatures vanquished.

Vanquished Creatures (others)
  8 plants (D:6)
8 creatures vanquished.

Grand Total: 142 creatures vanquished

Table legend:
 A = Non-vault XP
 B = Vault XP
 C = Vault XP percentage of total XP
 D = Non-vault monster count
 E = Vault monster count
 F = Vault count percentage of total count
                 A         B        C        D         E       F
            +---------+---------+-------+---------+---------+-------
      Total |    2202 |     877 |  28.5 |     116 |      18 |  13.4
            +---------+---------+-------+---------+---------+-------
        D:1 |      40 |       0 |   0.0 |      23 |       0 |   0.0
        D:2 |      98 |       0 |   0.0 |      21 |       0 |   0.0
        D:3 |     277 |     290 |  51.1 |      23 |       1 |   4.2
        D:4 |     168 |     274 |  62.0 |      20 |      15 |  42.9
        D:5 |     259 |     172 |  39.9 |       8 |       1 |  11.1
        D:6 |     585 |       0 |   0.0 |      17 |       0 |   0.0
        D:7 |     221 |     141 |  39.0 |       3 |       1 |  25.0
    Abyss:3 |     554 |       0 |   0.0 |       1 |       0 |   0.0
            +---------+---------+-------+---------+---------+-------

Illustrated notes

Table legend:
 A = Kills in this place as a percentage of kills in entire the game.
 B = Kills by you in this place as a percentage of kills by you in the entire game.
 C = Kills by friends in this place as a percentage of kills by friends in the entire game.
 D = Other kills in this place as a percentage of other kills in the entire game.
 E = Experience gained in this place as a percentage of experience gained in the entire game.
 F = Experience gained in this place divided by the number of levels of this place that you have seen.
                   A       B       C       D       E      F
               +-------+-------+-------+-------+-------+----------------------
         Total | 100.0 | 100.0 |   N/A |   N/A | 100.0 | 307.9
       Dungeon |  99.3 |  99.3 |   N/A |   N/A |  82.0 | 360.7
         Abyss |   0.7 |   0.7 |   N/A |   N/A |  18.0 | 184.7
               +-------+-------+-------+-------+-------+----------------------

Table legend: (Time is in decaauts)
 A = Elapsed time spent in this place.
 B = Non-inter-level travel time spent in this place.
 C = Inter-level travel time spent in this place.
 D = Time resting spent in this place.
 E = Time spent auto-exploring this place.
 F = Levels seen in this place.
 G = Mean time per level.
                   A        B        C        D        E       F      G
               +--------+--------+--------+--------+--------+-----+--------+
         Total |   4660 |   4491 |    169 |     20 |   3561 |  10 |  466.0 |
       Dungeon |   4534 |   4365 |    169 |     20 |   3487 |   7 |  647.7 |
         Abyss |    126 |    126 |      0 |      0 |     74 |   3 |   42.0 |
               +--------+--------+--------+--------+--------+-----+--------+

Top non-repeatable levels by time:
     D:2: 833 daAuts
     D:3: 787 daAuts
     D:1: 736 daAuts
     D:5: 651 daAuts
     D:4: 647 daAuts
     D:6: 613 daAuts
     D:7: 263 daAuts
 Abyss:1: 55 daAuts
 Abyss:3: 40 daAuts
 Abyss:2: 30 daAuts
